General information
- name: BNet
- type: Ladder team game (AT/RT)
- host: Battle.net
- saver: ZombieSteveJobs
map: GolemsInTheMist
- players: 8
- length: 25:45
- speed: Fast
- version: 1.26 W3XP
- replay type: Public
» download(117 KB)
Players
team 1 (winner)
TANK_THIS_31TCH (
red | 34 APM | 468 actions | 13:55)
4 Mountain King
2 Storm Bolt
2 Bash
» actions
| Assign group hotkey | 7 | |
| Build / train | 49 | |
| Enter build submenu | 24 | |
| Enter hero's abilities submenu | 4 | |
| Remove unit from queue | 2 | |
| Right click | 145 | |
| Select / deselect | 140 | |
| Select group hotkey | 58 | |
| Use ability | 39 | |
468 total
» units
| Peasant | 10 | |
| Footman | 6 | |
| Rifleman | 8 | |
| Mortar Team | 1 | |
| Siege Engine | 2 | |
27 total
» upgrades
| Defend | 1 | |
| Gunpowder | 2 | |
| Armor | 3 | |
| Lumber Harvesting | 1 | |
| Long Rifles | 1 | |
| Barrage | 1 | |
9 total
» buildings
| Altar of Kings | 1 | |
| Farm | 13 | |
| Barracks | 2 | |
| Lumber Mill | 1 | |
| Scout Tower | 2 | |
| Keep | 1 | |
| Guard Tower | 1 | |
| Arcane Tower | 1 | |
| Blacksmith | 1 | |
| Workshop | 2 | |
| Castle | 1 | |
26 total
» build order
00:33 Altar of Kings
00:45 Farm
01:01 Barracks
01:19 Lumber Mill
01:24 Farm
02:09 Farm
02:48 Farm
03:44 Scout Tower
04:28 Keep
04:30 Guard Tower
04:34 Scout Tower
05:03 Arcane Tower
05:10 Blacksmith
05:14 Farm
05:17 Farm
06:04 Farm
06:30 Barracks
06:40 Farm
08:11 Workshop
08:16 Farm
09:20 Castle
09:23 Farm
10:09 Farm
11:16 Farm
12:17 Workshop
13:02 Farm
» items
| Healing Salve | 1 | |
| Scroll of Speed | 1 | |
2 total
redadsfad (
pink | 54 APM | 1394 actions | 25:45)
6 Blood Mage
3 Flame Strike
3 Siphon Mana
2 Mountain King
1 Storm Bolt
1 Avatar
1 Blademaster
1 Wind Walk
» actions
| Assign group hotkey | 31 | |
| Basic commands | 1 | |
| Build / train | 109 | |
| Enter build submenu | 23 | |
| Enter hero's abilities submenu | 8 | |
| Give item / drop item | 1 | |
| Right click | 533 | |
| Select / deselect | 208 | |
| Select group hotkey | 375 | |
| Use ability | 105 | |
1394 total
» units
| Peasant | 20 | |
| Footman | 4 | |
| Goblin Shredder | 9 | |
| Gryphon Rider | 8 | |
| Siege Engine | 4 | |
| Flying Machine | 5 | |
50 total
» upgrades
| Masonry | 3 | |
| Lumber Harvesting | 1 | |
| Storm Hammers | 1 | |
| Animal War Training | 1 | |
| Swords | 2 | |
| Armor | 2 | |
10 total
» buildings
| Altar of Kings | 1 | |
| Barracks | 1 | |
| Farm | 14 | |
| Scout Tower | 37 | |
| Arcane Tower | 1 | |
| Arcane Vault | 1 | |
| Town Hall | 1 | |
| Lumber Mill | 1 | |
| Keep | 2 | |
| Guard Tower | 19 | |
| Castle | 3 | |
| Gryphon Aviary | 2 | |
| Blacksmith | 1 | |
84 total
» build order
00:10 Altar of Kings
00:23 Barracks
00:37 Farm
00:51 Farm
01:34 Farm
01:45 Scout Tower
02:15 Arcane Tower
02:41 Arcane Vault
03:36 Town Hall
03:38 Scout Tower
03:38 Scout Tower
04:06 Farm
05:10 Lumber Mill
06:08 Keep
06:13 Guard Tower
07:05 Farm
07:22 Scout Tower
07:26 Scout Tower
07:27 Scout Tower
07:27 Scout Tower
07:28 Scout Tower
07:29 Scout Tower
07:30 Scout Tower
07:30 Scout Tower
07:31 Scout Tower
07:31 Scout Tower
07:33 Scout Tower
07:33 Scout Tower
07:34 Scout Tower
08:00 Keep
08:24 Guard Tower
08:30 Castle
08:47 Guard Tower
09:14 Guard Tower
09:30 Gryphon Aviary
09:41 Gryphon Aviary
09:48 Farm
09:50 Farm
09:54 Farm
09:54 Farm
09:55 Farm
09:56 Farm
09:56 Farm
10:37 Castle
10:53 Farm
10:55 Farm
11:12 Blacksmith
12:17 Scout Tower
12:17 Scout Tower
12:17 Scout Tower
13:19 Scout Tower
13:20 Scout Tower
13:20 Scout Tower
13:20 Scout Tower
13:21 Scout Tower
13:22 Scout Tower
13:22 Scout Tower
13:23 Scout Tower
13:24 Scout Tower
13:24 Scout Tower
13:24 Scout Tower
13:25 Scout Tower
13:25 Scout Tower
13:25 Scout Tower
14:18 Guard Tower
14:40 Guard Tower
14:41 Guard Tower
14:55 Guard Tower
14:56 Guard Tower
15:14 Guard Tower
15:14 Guard Tower
15:34 Guard Tower
15:35 Guard Tower
15:44 Guard Tower
20:26 Scout Tower
20:26 Scout Tower
21:22 Guard Tower
21:22 Guard Tower
» items
| Scroll of Regeneration | 2 | |
| Lesser Clarity Potion | 1 | |
| Scroll of Town Portal | 3 | |
| Orb of Lightning | 1 | |
| Potion of Healing | 2 | |
9 total

»
chinckymcgee (
yellow | 27 APM | 378 actions | 14:00)
2 Blademaster
1 Wind Walk
1 Mirror Image
» actions
| Basic commands | 24 | |
| Build / train | 40 | |
| Enter build submenu | 23 | |
| Enter hero's abilities submenu | 2 | |
| Right click | 152 | |
| Select / deselect | 103 | |
| Use ability | 34 | |
378 total
» units
» upgrades
| Berserker Strength | 1 | |
| Melee Weapons | 1 | |
| Armor | 1 | |
3 total
» buildings
| Altar of Storms | 1 | |
| Orc Burrow | 8 | |
| Barracks | 3 | |
| Great Hall | 1 | |
| Stronghold | 1 | |
| War Mill | 1 | |
| Voodoo Lounge | 2 | |
| Fortress | 1 | |
| Tauren Totem | 3 | |
| Beastiary | 3 | |
24 total
» build order
00:06 Altar of Storms
00:08 Orc Burrow
01:08 Barracks
01:47 Orc Burrow
02:11 Barracks
02:59 Barracks
03:30 Great Hall
04:28 Orc Burrow
05:12 Stronghold
05:18 War Mill
06:09 Orc Burrow
07:42 Voodoo Lounge
08:01 Fortress
08:11 Orc Burrow
08:33 Voodoo Lounge
09:11 Orc Burrow
10:24 Tauren Totem
10:30 Tauren Totem
10:33 Tauren Totem
12:31 Beastiary
12:33 Beastiary
12:35 Beastiary
12:44 Orc Burrow
12:46 Orc Burrow

»
myste_wil (
orange | 1 APM | 10 actions | 14:02)
team 2 (loser)

»
SIRenderWIGGIN (
purple | 45 APM | 1142 actions | 25:23)
7 Priestess of the Moon
3 Trueshot Aura
3 Searing Arrows
1 Starfall
» actions
| Assign group hotkey | 55 | |
| Build / train | 67 | |
| Enter build submenu | 21 | |
| Enter hero's abilities submenu | 7 | |
| Give item / drop item | 1 | |
| Remove unit from queue | 2 | |
| Right click | 415 | |
| Select / deselect | 201 | |
| Select group hotkey | 318 | |
| Use ability | 55 | |
1142 total
» units
| Wisp | 13 | |
| Archer | 11 | |
| Hippogryph | 10 | |
| Goblin Sapper | 5 | |
39 total
» upgrades
| Strength of the Moon | 1 | |
| Moon Armor | 3 | |
| Improved Bows | 1 | |
| Marksmanship | 1 | |
| Well Spring | 1 | |
| Hippogryph Taming | 1 | |
8 total
» buildings
| Moon Well | 6 | |
| Altar of Elders | 1 | |
| Ancient of War | 2 | |
| Ancient of Wonders | 1 | |
| Tree of Ages | 1 | |
| Hunter's Hall | 1 | |
| Tree of Eternity | 1 | |
| Ancient of Wind | 2 | |
| Ancient Protector | 5 | |
| Tree of Life | 1 | |
21 total
» build order
00:12 Moon Well
00:20 Altar of Elders
00:59 Moon Well
01:35 Ancient of War
02:08 Ancient of War
02:13 Moon Well
02:22 Ancient of Wonders
04:11 Tree of Ages
04:47 Hunter's Hall
06:16 Moon Well
06:54 Tree of Eternity
09:11 Ancient of Wind
09:49 Ancient of Wind
12:18 Moon Well
14:22 Moon Well
16:52 Ancient Protector
17:00 Ancient Protector
17:05 Ancient Protector
18:30 Ancient Protector
20:10 Tree of Life
20:40 Ancient Protector
» items
| Potion of Healing | 2 | |
| Potion of Mana | 1 | |
| Scroll of Town Portal | 1 | |
| Dust of Appearance | 1 | |
5 total
ZombieSteveJobs (
green | 44 APM | 1125 actions | 25:45)
4 Mountain King
2 Storm Bolt
2 Bash
» actions
| Assign group hotkey | 57 | |
| Basic commands | 98 | |
| Build / train | 74 | |
| Enter build submenu | 27 | |
| Enter hero's abilities submenu | 4 | |
| Give item / drop item | 3 | |
| Remove unit from queue | 1 | |
| Right click | 393 | |
| Select / deselect | 257 | |
| Select group hotkey | 176 | |
| Use ability | 35 | |
1125 total
» units
| Peasant | 15 | |
| Footman | 9 | |
| Gryphon Rider | 17 | |
| Goblin Shredder | 1 | |
| Goblin Zeppelin | 1 | |
43 total
» upgrades
| Masonry | 3 | |
| Lumber Harvesting | 1 | |
| Swords | 3 | |
| Storm Hammers | 1 | |
| Animal War Training | 1 | |
| Armor | 3 | |
| Backpack | 1 | |
13 total
» buildings
| Altar of Kings | 1 | |
| Barracks | 1 | |
| Farm | 12 | |
| Keep | 1 | |
| Lumber Mill | 1 | |
| Scout Tower | 7 | |
| Arcane Tower | 1 | |
| Castle | 1 | |
| Gryphon Aviary | 2 | |
| Blacksmith | 1 | |
| Arcane Vault | 1 | |
| Town Hall | 1 | |
| Guard Tower | 6 | |
36 total
» build order
00:08 Altar of Kings
00:10 Barracks
00:12 Farm
01:26 Farm
02:35 Keep
02:40 Farm
03:16 Lumber Mill
03:30 Scout Tower
04:19 Arcane Tower
05:17 Castle
05:36 Gryphon Aviary
06:01 Gryphon Aviary
06:18 Blacksmith
06:42 Farm
08:30 Arcane Vault
09:16 Farm
10:10 Farm
11:11 Farm
15:03 Town Hall
16:31 Farm
16:33 Farm
19:48 Farm
20:39 Scout Tower
20:41 Scout Tower
20:43 Scout Tower
20:45 Scout Tower
20:47 Scout Tower
21:32 Farm
21:36 Farm
22:07 Guard Tower
22:07 Guard Tower
22:07 Guard Tower
22:35 Guard Tower
24:37 Guard Tower
24:39 Scout Tower
» items
| Orb of Fire | 1 | |
| Scroll of Town Portal | 1 | |
| Potion of Healing | 1 | |
3 total
larrylongballs (
teal | 31 APM | 717 actions | 23:26)
5 Archmage
3 Summon Water Elemental
2 Blizzard
» actions
| Assign group hotkey | 1 | |
| Basic commands | 18 | |
| Build / train | 51 | |
| Enter build submenu | 33 | |
| Enter hero's abilities submenu | 5 | |
| Right click | 293 | |
| Select / deselect | 269 | |
| Select group hotkey | 1 | |
| Use ability | 46 | |
717 total
» units
| Peasant | 11 | |
| Footman | 7 | |
| Gryphon Rider | 10 | |
| Rifleman | 7 | |
| Goblin Zeppelin | 1 | |
36 total
» upgrades
| Swords | 1 | |
| Lumber Harvesting | 1 | |
| Storm Hammers | 1 | |
| Long Rifles | 1 | |
4 total
» buildings
| Altar of Kings | 1 | |
| Farm | 13 | |
| Blacksmith | 2 | |
| Arcane Vault | 2 | |
| Lumber Mill | 2 | |
| Barracks | 1 | |
| Scout Tower | 4 | |
| Keep | 1 | |
| Guard Tower | 3 | |
| Gryphon Aviary | 2 | |
| Castle | 1 | |
| Town Hall | 1 | |
33 total
» build order
00:25 Altar of Kings
00:42 Farm
01:25 Blacksmith
01:32 Farm
01:42 Arcane Vault
02:01 Blacksmith
02:17 Lumber Mill
02:20 Barracks
02:26 Farm
02:59 Arcane Vault
03:13 Scout Tower
03:47 Keep
03:54 Farm
03:56 Scout Tower
04:23 Guard Tower
04:43 Guard Tower
04:52 Farm
06:12 Gryphon Aviary
06:17 Gryphon Aviary
07:19 Castle
08:02 Farm
08:40 Farm
08:48 Farm
08:58 Scout Tower
09:18 Scout Tower
09:22 Farm
09:28 Guard Tower
09:30 Farm
10:30 Farm
11:15 Farm
12:06 Farm
14:01 Lumber Mill
21:04 Town Hall

»
GhylaineStjean (
blue | 21 APM | 531 actions | 24:57)
3 Demon Hunter
1 Immolation
2 Evasion
» actions
| Build / train | 55 | |
| Enter build submenu | 21 | |
| Enter hero's abilities submenu | 3 | |
| Remove unit from queue | 1 | |
| Right click | 251 | |
| Select / deselect | 167 | |
| Use ability | 33 | |
531 total
» units
| Wisp | 19 | |
| Chimaera | 20 | |
| Goblin Zeppelin | 1 | |
40 total
» upgrades
| Reinforced Hides | 3 | |
| Strength of the Wild | 4 | |
| Corrosive Breath | 1 | |
8 total
» buildings
| Altar of Elders | 1 | |
| Moon Well | 10 | |
| Hunter's Hall | 1 | |
| Tree of Ages | 1 | |
| Tree of Eternity | 1 | |
| Ancient of Wind | 1 | |
| Chimaera Roost | 3 | |
| Tree of Life | 1 | |
19 total
» build order
00:22 Altar of Elders
00:37 Moon Well
00:45 Moon Well
01:30 Hunter's Hall
01:54 Moon Well
02:19 Moon Well
02:53 Moon Well
03:24 Tree of Ages
03:43 Moon Well
04:34 Moon Well
05:25 Moon Well
05:45 Tree of Eternity
05:52 Ancient of Wind
06:10 Moon Well
08:07 Chimaera Roost
08:12 Chimaera Roost
08:15 Chimaera Roost
08:21 Moon Well
13:24 Tree of Life
Chat log
(00:10 / Allies) larrylongballs: plan?
(00:14 / All) ZombieSteveJobs: BRAAAAAINS
(00:19 / Allies) ZombieSteveJobs: no
(00:24 / All) chinckymcgee: greenFAGGGGGGG
(00:36 / All) TANK_THIS_31TCH: <<<<<<<<
(00:37 / All) ZombieSteveJobs: MAC > PC I AM STEBE JOBS
(00:47 / All) chinckymcgee: u r a gay fag
(00:56 / All) ZombieSteveJobs: HOW DID YOU KNOW
(01:03 / All) ZombieSteveJobs: ARE YOU PSYCHIC?
(01:04 / All) chinckymcgee: cuz im a good guesser
(01:18 / All) redadsfad: ur so messed up gree, gonna report u to blizzard
(01:27 / All) ZombieSteveJobs: LOL
(01:33 / All) ZombieSteveJobs: BLIZZARD DOESN'T GIVE A SHIT ABOUT WC3
(01:35 / All) ZombieSteveJobs: DIAF
(01:45 / All) ZombieSteveJobs: I HAVE BEEN REPORTED OVER 3000 TIMES BRO
(01:55 / All) chinckymcgee: ya for being a gay fag
(02:03 / All) ZombieSteveJobs: BECAUSE THEY SAY THAT THEY DO
(02:07 / All) ZombieSteveJobs: NIGGUH, PLEEZ
(02:15 / All) chinckymcgee: green ur a fag
(02:32 / All) ZombieSteveJobs: LOOK, IT"S A GODDAMN DRUG, NOT A BACTERIAL INFECTION. IT CAN'T BE CURED, ALL RIGHT?
(04:00 / All) ZombieSteveJobs: SO I TOOK THE PROTEIN EXTRACTS FROM THE BRAHMIN DUNG, AND BAM: DECENT AMPHETAMINE FOR BIG MAN JESUS MORDENO
(04:01 / Allies) ZombieSteveJobs: gtfo blue
(04:07 / All) chinckymcgee: just shutup dude
(04:11 / All) ZombieSteveJobs: blue is a creepjacking faggot
(05:23 / Allies) ZombieSteveJobs: wood plox
(05:28 / Allies) ZombieSteveJobs: give me wood dammit
(05:31 / Allies) ZombieSteveJobs: I'm making griffins
(05:33 / Allies) ZombieSteveJobs: thank you
(05:37 / Allies) larrylongballs: SO Am i
(05:38 / Allies) larrylongballs: omg
(05:41 / Allies) ZombieSteveJobs: STOP FOLLOWING BLUE
(05:51 / Allies) larrylongballs: i already said i was making gryphs u get tanks
(05:55 / Allies) ZombieSteveJobs: NO
(06:08 / Allies) ZombieSteveJobs: my griffins are better
(06:14 / Allies) ZombieSteveJobs: I am a former rank #1 rt player
(06:40 / All) redadsfad: i feel like playign world of warcraft, if my internet has a 5gb limit usage, does playing games
(06:44 / All) redadsfad: make me exceed limiit faster?
(06:54 / All) ZombieSteveJobs: playing games doesn't take up that much bandwidth I think
(06:57 / All) chinckymcgee: lol 5gb
(07:08 / All) ZombieSteveJobs: What do you have, yellow?
(07:13 / All) chinckymcgee: 9000000
(07:26 / Allies) SIRenderWIGGIN: tp
(07:31 / Allies) SIRenderWIGGIN: nm
(07:32 / Allies) SIRenderWIGGIN: stay
(07:33 / Allies) SIRenderWIGGIN: comin
(08:05 / Allies) ZombieSteveJobs: wood please
(08:12 / Allies) ZombieSteveJobs: thanks
(08:17 / Allies) larrylongballs: mmhm
(09:32 / Allies) SIRenderWIGGIN: lumber
(09:39 / Allies) SIRenderWIGGIN: ty
(09:42 / Allies) larrylongballs: mmhm
(09:52 / Allies) ZombieSteveJobs: wood please
(10:36 / Allies) ZombieSteveJobs: wood please
(10:56 / Allies) ZombieSteveJobs: give me wood please
(11:06 / Allies) ZombieSteveJobs: thanks
(11:44 / Allies) larrylongballs: wow we r all air
(13:01 / Allies) ZombieSteveJobs: gold please
(14:08 / All) ZombieSteveJobs: wtf nigga
(14:10 / All) ZombieSteveJobs: owned
(15:50 / Allies) ZombieSteveJobs: gold please
(16:01 / Allies) ZombieSteveJobs: gold please
(16:10 / Allies) ZombieSteveJobs: thanks
(19:22 / Allies) ZombieSteveJobs: gold please
(22:08 / All) larrylongballs: guys i need 100 gold
(22:09 / All) larrylongballs: plz
(22:45 / All) redadsfad: leave faggots
(22:45 / All) larrylongballs: green really?
(22:46 / Allies) GhylaineStjean: it's not funny green
(22:51 / All) ZombieSteveJobs: leave niggers
(22:54 / Allies) GhylaineStjean: it's
(22:56 / All) ZombieSteveJobs: none of you even noticed the raping of purple
(22:58 / Allies) ZombieSteveJobs: pro
(23:17 / Allies) SIRenderWIGGIN: I did
(23:19 / Allies) SIRenderWIGGIN: lol
(23:24 / Allies) ZombieSteveJobs: you said nothing
(23:26 / Allies) ZombieSteveJobs: not a whisper
(23:31 / Allies) ZombieSteveJobs: even in death you mock me with your silence
(23:33 / Allies) SIRenderWIGGIN: what are you complaining about??
(23:49 / Allies) SIRenderWIGGIN: said nothing about what?
(23:54 / Allies) ZombieSteveJobs: your death
(24:01 / Allies) SIRenderWIGGIN: ......
(24:03 / All) redadsfad: leave noobs
(24:08 / Allies) SIRenderWIGGIN: it was my hero alone
(24:17 / Allies) ZombieSteveJobs: shut your whore mouth nigga
(24:27 / Allies) ZombieSteveJobs: your family name will be humilated on highper.ch
(24:41 / Allies) ZombieSteveJobs: see
(24:44 / Allies) ZombieSteveJobs: not a whisper
(24:47 / Allies) SIRenderWIGGIN: idiot.. we had this
(24:52 / Allies) ZombieSteveJobs: no we didn;t
(24:57 / Allies) SIRenderWIGGIN: yea... we did
(25:01 / Allies) ZombieSteveJobs: we lost from the start when I was on your tyeam
(25:08 / Allies) ZombieSteveJobs: I know pinl
(25:08 / Allies) ZombieSteveJobs: k
(25:12 / Allies) ZombieSteveJobs: he is in on this
(25:19 / All) SIRenderWIGGIN: okay bsing asswipe
(25:21 / All) ZombieSteveJobs: kk
(25:25 / All) ZombieSteveJobs: raped
(25:34 / All) redadsfad: ur team loses?
(25:39 / All) ZombieSteveJobs: yes